 Dungeon Crawl Stone Soup version 0.29-a0-892-g2c4c91d9db (webtiles) character file.

Game seed: 872068384891061574

503 jlumianski the Chiller (level 6, -3/43 HPs)
             Began as a Demonspawn Ice Elementalist on July 23, 2022.
             Slain by a gnoll sergeant
             ... wielding a +3 spear of venom
              (10 damage)
             ... on level 4 of the Dungeon.
             The game lasted 00:27:48 (5395 turns).

jlumianski the Chiller (DsIE)                       Turns: 5395, Time: 00:27:48

Health: -3/43      AC:  4    Str:  8    XL:     6   Next: 96%
Magic:  4/12       EV:  6    Int: 18    God:
Gold:   172        SH:  0    Dex: 14    Spells: 3/13 levels left

rFire   . . .      SeeInvis .   z - +2 short sword (vamp)
rCold   . . .      Faith    .   (no shield)
rNeg    . . .      Spirit   .   B - +0 troll leather armour {Pargi}
rPois   .          Reflect  .   (no helmet)
rElec   .          Harm     .   (no cloak)
rCorr   .          Rampage  .   (no gloves)
Will    .....                   (no boots)
Stlth   ++........              (no amulet)
HPRegen 0.94/turn               f - +4 ring of slaying
MPRegen 0.13/turn               (no ring)

@: held
A: foul stench 2, powered by death 1
a: no special abilities


You were on level 4 of the Dungeon.
You visited 1 branch of the dungeon, and saw 5 of its levels.
You also visited: Sewer.

You collected 172 gold pieces.

Inventory:

Hand Weapons
 e - a +0 dagger
 i - a +0 short sword
 r - a +1 vampiric whip
 t - a +2 short sword of venom
 z - a +2 vampiric short sword (weapon)
Missiles
 j - 38 stones
 v - 4 poisoned darts (quivered)
 y - 2 atropa-tipped darts
Armour
 a - a +0 robe
 B - a +0 troll leather armour (worn) {Pargi}
Jewellery
 f - a +4 ring of slaying (left hand)
Wands
 u - a wand of mindburst (10)
Scrolls
 d - a scroll of butterflies
 h - a scroll of teleportation {unknown}
 m - a scroll of poison {unknown}
 n - a scroll of brand weapon {unknown}
 p - 3 scrolls of amnesia
 s - 2 scrolls of silence {unknown}
 A - a scroll of enchant weapon {unknown}
Potions
 b - 2 potions of magic
 c - a potion of attraction
 g - a potion of resistance
 k - a potion of heal wounds
 l - a potion of flight
 o - a potion of curing
 q - a potion of might {unknown}
 w - a potion of berserk rage {unknown}
 x - a potion of degeneration {unknown}


   Skills:
 + Level 1.4 Fighting
 + Level 0.6 Short Blades
 + Level 2.5 Dodging
 + Level 2.7 Stealth
 + Level 4.1 Spellcasting
 * Level 2.1 Conjurations
 + Level 5.3 Ice Magic


You had 3 spell levels left.
You knew the following spells:

 Your Spells              Type           Power      Damage    Failure   Level
a - Freeze                Ice            88%        1d10      2%          1
b - Frozen Ramparts       Ice            44%        1d6       7%          3
c - Magic Dart            Conj           44%        1d5       9%          1
d - Ozocubu's Armour      Ice            22%        N/A       7%          3
e - Searing Ray           Conj           22%        2d5       14%         2

Your spell library contained the following spells:

 Spells                   Type           Power      Damage    Failure   Level
 Sandblast                Erth           6%         2d5       22%         1
 Passwall                 Tmut/Erth      2%         N/A       32%         2
 Stone Arrow              Conj/Erth      14%        3d7       38%         3
 Hailstorm                Conj/Ice       17%        3d6       43%         4
 Fulminant Prism          Conj/Hex       3%         3d6       80%         4


Dungeon Overview and Level Annotations

Branches:
Dungeon (5/15)              Sewer (visited)
 Temple: D:4-7

Altars:

Annotations:
D:4 Eustachio


Innate Abilities, Weirdness & Mutations

You sometimes emit foul miasma when damaged in melee.
You regenerate a little health from kills.


Message History

The searing ray hits the gnoll.
The gnoll is heavily wounded.
The wall freezes the gnoll sergeant.
The gnoll sergeant hits you from afar with a +3 spear of venom!
You are poisoned.
The searing ray hits the gnoll!
You kill the gnoll!
The searing ray hits the gnoll.
The gnoll is moderately wounded.
You feel very sick.
The wall freezes the gnoll sergeant.
The gnoll sergeant hits you from afar with a +3 spear of venom!
You are more poisoned.
Your icy armour and frozen ramparts will break if you move.
Continue?
Okay, then.
Your icy armour and frozen ramparts will break if you move.
Continue?
Your icy armour cracks and falls away as you move.
The frozen ramparts melt away as you move.
You feel very sick.
* * * LOW HITPOINT WARNING * * *
You feel very sick.
* * * LOW HITPOINT WARNING * * *
You feel very sick.
You feel better. The gnoll closely misses you.
There is a stone staircase leading down here.
The gnoll closely misses you.
The gnoll throws a throwing net.
The throwing net hits you.
You become entangled in the net!
You stop descending the stairs.
Unknown command.
Okay, then.
You struggle against the net.
The gnoll hits you from afar with a +0 halberd.
You struggle against the net.
The gnoll hits you from afar with a +0 halberd.
You struggle against the net.
The gnoll hits you from afar with a +0 halberd!
* * * LOW HITPOINT WARNING * * *
The gnoll barely misses you.
The gnoll sergeant hits you from afar with a +3 spear of venom!
You die...

.............#
.............#
............##
............##
.............#
...........#.##
..............#
.....)........##########
..........#.....@......#
..........####..g......#
.........## #.gg...##.#
#........# ##.........#
##.....)## ##..##......#
###...## #..######...#
##### ##.## #...# #..#
#...# #.## ##..#


You could see a gnoll sergeant and 2 gnolls.

Vanquished Creatures
  Pargi (Sewer)
  A necrophage (D:4)
  A hound (D:4)
  2 iguanas
  7 adders
  10 gnolls
  A river rat (D:5)
  A white imp (D:5)
  A worm (D:2)
  2 dart slugs
  An orc (D:4)
  8 endoplasms
  3 giant cockroaches
  10 goblins
  5 hobgoblins
  6 kobolds
  6 quokkas
  6 ball pythons
  5 bats
  4 frilled lizards
  11 rats
92 creatures vanquished.

Notes
Turn   | Place    | Note
-------+----------+-------------------------------------------
     0 | D:1      | jlumianski the Demonspawn Ice Elementalist began the quest
                  | for the Orb.
     0 | D:1      | Reached XP level 1. HP: 13/13 MP: 3/3
   255 | D:1      | Gained mutation: You may rarely emit foul miasma when
                  | damaged in melee. [demonic ancestry]
   255 | D:1      | Reached XP level 2. HP: 7/19 MP: 1/5
   538 | D:1      | Reached skill level 4 in Ice Magic
   762 | D:1      | Found a faded altar of an unknown god.
  1132 | D:2      | Gained mutation: You regenerate a little health from kills.
                  | [demonic ancestry]
  1132 | D:2      | Reached XP level 3. HP: 24/24 MP: 0/6
  1136 | D:2      | Learned a level 3 spell: Frozen Ramparts
  1228 | D:2      | Learned a level 1 spell: Magic Dart
  1956 | D:2      | Reached XP level 4. HP: 30/30 MP: 4/8
  1962 | D:2      | Learned a level 3 spell: Ozocubu's Armour
  3318 | D:3      | Reached XP level 5. HP: 35/35 MP: 5/9
  4362 | D:4      | Noticed Eustachio
  4447 | D:4      | Learned a level 2 spell: Searing Ray
  4737 | D:5      | Entered Level 5 of the Dungeon
  4815 | D:4      | Reached skill level 1 in Conjurations
  4815 | D:4      | Reached skill level 5 in Ice Magic
  4815 | D:4      | Gained mutation: You sometimes emit foul miasma when
                  | damaged in melee. [demonic ancestry]
  4815 | D:4      | Reached XP level 6. HP: 18/40 MP: 4/11
  5017 | D:5      | Reached skill level 1 in Fighting
  5022 | D:5      | Found a glowing drain.
  5036 | Sewer    | Entered a sewer
  5168 | Sewer    | Noticed Pargi
  5172 | Sewer    | Killed Pargi
  5395 | D:4      | Slain by a gnoll sergeant

Illustrated notes

Levels and vault maps discovered:
D:1:      ncdulo_lavacross, layout_basic, ebering_ecumenical_altar_hall
D:2:      layout_loops_cross, minmay_goblin_outpost
D:3:      layout_basic
D:4:      minmay_general_purpose_star, layout_cave_pods, temple_doors_cd,
          uniq_eustachio, uniq_duvessa
D:5:      layout_rooms, gup_sewer_entry_bubbles

Skill      XL: |  1  2  3  4  5  6 |
---------------+-------------------+-----
Ice Magic      | 4 5 |  5.3
Stealth        | 2 |  2.7
Spellcasting   | 3 4 |  4.1
Dodging        | 2 |  2.5
Conjurations   | 1 2 |  2.1
Fighting       | 1 |  1.4
Short Blades   | |  0.6

Action                   |  1- 3 |  4- 6 || total
-------------------------+-------+-------++-------
Melee: Dagger            |     2 |       ||     2
       Unarmed           |     1 |       ||     1
       Short sword       |    18 |    41 ||    59
       Whip              |       |     6 ||     6
 Cast: Freeze            |    35 |     3 ||    38
       Frozen Ramparts   |     8 |    36 ||    44
       Magic Dart        |     6 |     4 ||    10
       Ozocubu's Armour  |       |     7 ||     7
       Searing Ray       |       |     1 ||     1
  Use: Scroll            |       |     7 ||     7
       Potion            |       |     1 ||     1
 Stab: Sleeping          |     2 |     7 ||     9
Armor: Robe              |    10 |     8 ||    18
Dodge: Dodged            |    37 |    84 ||   121

Table legend: (Time is in decaauts)
 A = Elapsed time spent in this place.
 B = Non-inter-level travel time spent in this place.
 C = Inter-level travel time spent in this place.
 D = Time resting spent in this place.
 E = Time spent auto-exploring this place.
 F = Levels seen in this place.
 G = Mean time per level.
                   A        B        C        D        E       F      G
               +--------+--------+--------+--------+--------+-----+--------+
         Total |   5443 |   5397 |     46 |   1634 |   2045 |   6 |  907.2 |
       Dungeon |   5272 |   5226 |     46 |   1634 |   2045 |   5 | 1054.4 |
         Sewer |    170 |    170 |      0 |      0 |      0 |   1 |  170.0 |
               +--------+--------+--------+--------+--------+-----+--------+

Top non-repeatable levels by time:
     D:3: 2082 daAuts
     D:2: 1173 daAuts
     D:1: 941 daAuts
     D:4: 864 daAuts
     D:5: 211 daAuts
   Sewer: 170 daAuts
